 Dungeon Crawl Stone Soup version 0.22.0-38-g04b72b8 (webtiles) character file.

1895 Monsterracer the Conjurer (level 9, 0/51 HPs)
             Began as an Octopode Wizard on Aug 29, 2018.
             Was a Follower of Vehumet.
             Slain by EnegeticOcto's ghost (3 damage)
             ... on level 4 of the Dungeon.
             The game lasted 00:16:12 (8491 turns).

Monsterracer the Conjurer (Octopode Wizard)         Turns: 8491, Time: 00:16:13

Health: 0/51       AC:  1    Str:  6    XL:     9   Next: 15%
Magic:  6/15       EV: 14    Int: 27    God:    Vehumet [*.....]
Gold:   248        SH: 10    Dex: 11    Spells: 5/16 levels left

rFire    + + .     SeeInvis .   a - +0 flail (protect)
rCold    x . .     Gourm    .   t - +0 buckler
rNeg     . . .     Faith    .   o - +0 hat
rPois    .         Spirit   .   i - +5 amulet of reflection
rElec    .         Reflect  +   n - ring of protection from fire {!d}
rCorr    .         Harm     .   f - +4 ring of intelligence
MR       .....                  s - ring of fire
Stlth    +++.......             (no ring)
HPRegen  0.17/turn              (no ring)
MPRegen  0.14/turn              (no ring)
                                (no ring)
                                (no ring)

@: no status effects
A: almost no armour, stealthy swim, amphibious, 8 rings, constrict 8, camouflage
1, gelatinous body 1
a: Renounce Religion


You were on level 4 of the Dungeon.
You worshipped Vehumet.
Vehumet was aware of your devotion.
You were not hungry.

You visited 2 branches of the dungeon, and saw 7 of its levels.

You collected 248 gold pieces.

Inventory:

Hand Weapons
 a - a +0 flail of protection (weapon)
 b - a +0 trident
Armour
 o - a +0 hat (worn)
 t - a +0 buckler (worn)
Jewellery
 f - a +4 ring of intelligence (right tentacle)
 i - a +5 amulet of reflection (around mantle)
 n - a ring of protection from fire (left tentacle) {!d}
 s - a ring of fire (on tentacle)
Wands
 e - a wand of polymorph (14)
 r - a wand of acid (11)
Scrolls
 d - 3 scrolls of remove curse
 l - a scroll of teleportation {!r}
 m - a scroll of enchant weapon
 q - 3 scrolls of amnesia
 u - 2 scrolls of fog
Potions
 g - a potion of agility
 h - a potion of curing
 j - a potion of degeneration {unknown}
 k - a potion of brilliance
 p - a potion of heal wounds
Comestibles
 c - 14 rations


   Skills:
 + Level 2.0 Maces & Flails
 + Level 3.1 Dodging
 - Level 2.6 Stealth
 - Level 5.8 Shields
 + Level 4.3 Spellcasting
 * Level 7.2 Conjurations
   Level 1.0 Summonings
 - Level 3.0 Translocations
 + Level 2.3 Fire Magic
 + Level 1.9 Air Magic


You had 5 spell levels left.
You knew the following spells:

 Your Spells              Type           Power        Failure   Level  Hunger
a - Magic Dart            Conj           ####         1%          1    None
b - Conjure Flame         Conj/Fire      #####...     3%          3    ##.....
c - Mephitic Cloud        Conj/Pois/Air  ###.....     6%          3    ##.....
d - Shock                 Conj/Air       ####         1%          1    None
e - Blink                 Tloc           N/A          3%          2    None
z - Apportation           Tloc           ###...       2%          1    None

Your spell library contained the following spells:

 Spells                   Type           Power        Failure   Level  Hunger
 Summon Small Mammal      Summ           ##..         4%          1    None
 Animate Skeleton         Necr           N/A          8%          1    None
 Confusing Touch          Hex            #.....       8%          1    None
 Call Imp                 Summ           ##......     8%          2    None
 Slow                     Hex            #.......     12%         2    None


Dungeon Overview and Level Annotations

Branches:
Dungeon (6/15)             Temple (1/1) D:4

Altars:
Dithmenos
Fedhas
Gozag
Kikubaaqudgha
Qazlal
Trog
Vehumet
Wu Jian

Shops:
D:6 (

Annotations:
D:4 1 runed door, EnegeticOcto's ghost, novice HOFi


Innate Abilities, Weirdness & Mutations

You cannot wear most types of armour.
You are very stealthy in the water. (Stealth+)
You are amphibious.
You can wear up to eight rings at the same time.
You can use your tentacles to constrict eight enemies at once.
Your skin changes colour to match your surroundings (Stealth+).
Your rubbery body absorbs attacks. (AC +1, EV +1)


Message History

Aiming: Shock (safe; 1% risk of failure)
Press: ? - help, Shift-Dir - straight line You now have 14/15 mp.
Casting: Shock (safe; 1% risk of failure)
Confirm with . or Enter, or press ? or * to list all spells.
Aiming: Shock (safe; 1% risk of failure)
Press: ? - help, Shift-Dir - straight line The zap hits EnegeticOcto's ghost.
EnegeticOcto's ghost is lightly damaged.
You now have 13/15 mp.
Casting: Shock (safe; 1% risk of failure)
Confirm with . or Enter, or press ? or * to list all spells.
Aiming: Conjure Flame (safe; 3% risk of failure)
Press: ? - help, Dir - move target cursor, f - EnegeticOcto's ghost
Aim: EnegeticOcto's ghost (lightly damaged)
Okay, then.
Casting: Conjure Flame (safe; 3% risk of failure)
Confirm with . or Enter, or press ? or * to list all spells.
Aiming: Shock (safe; 1% risk of failure)
Press: ? - help, Shift-Dir - straight line
Okay, then.
EnegeticOcto's ghost mumbles, "They all look like pillowcases to me..."
Casting: Shock (safe; 1% risk of failure)
Confirm with . or Enter, or press ? or * to list all spells.
Aiming: Shock (safe; 1% risk of failure)
Press: ? - help, Shift-Dir - straight line The zap hits EnegeticOcto's ghost.
EnegeticOcto's ghost is lightly damaged.
The zap hits EnegeticOcto's ghost.
EnegeticOcto's ghost is lightly damaged.
You now have 12/15 mp.
Casting: Shock (safe; 1% risk of failure)
Confirm with . or Enter, or press ? or * to list all spells.
Aiming: Shock (safe; 1% risk of failure)
Press: ? - help, Shift-Dir - straight line The zap hits EnegeticOcto's ghost.
EnegeticOcto's ghost appears unharmed.
EnegeticOcto's ghost is lightly damaged.
The zap hits EnegeticOcto's ghost.
EnegeticOcto's ghost is moderately damaged.
EnegeticOcto's ghost hits you!
You take 7 damage, and have 44/51 hp.
You now have 11/15 mp.
Casting: Shock (safe; 1% risk of failure)
Confirm with . or Enter, or press ? or * to list all spells.
Aiming: Shock (safe; 1% risk of failure)
Press: ? - help, Shift-Dir - straight line The zap misses EnegeticOcto's ghost.
The zap hits EnegeticOcto's ghost.
EnegeticOcto's ghost is moderately damaged.
You block EnegeticOcto's ghost's attack.
You now have 10/15 mp.
Casting: Shock (safe; 1% risk of failure)
Confirm with . or Enter, or press ? or * to list all spells.
Aiming: Shock (safe; 1% risk of failure)
Press: ? - help, Shift-Dir - straight line The zap hits EnegeticOcto's ghost.
EnegeticOcto's ghost is moderately damaged.
The zap hits EnegeticOcto's ghost.
EnegeticOcto's ghost is heavily damaged.
EnegeticOcto's ghost hits you!
You take 15 damage, and have 29/51 hp.
MASSIVE DAMAGE!!
Casting: Shock (safe; 1% risk of failure)
Confirm with . or Enter, or press ? or * to list all spells.
Aiming: Shock (safe; 1% risk of failure)
Press: ? - help, Shift-Dir - straight line The zap hits EnegeticOcto's ghost.
EnegeticOcto's ghost is heavily damaged.
The zap hits EnegeticOcto's ghost.
EnegeticOcto's ghost appears unharmed.
EnegeticOcto's ghost is heavily damaged.
EnegeticOcto's ghost barely misses you.
You now have 9/15 mp.
Casting: Shock (safe; 1% risk of failure)
Confirm with . or Enter, or press ? or * to list all spells.
Aiming: Shock (safe; 1% risk of failure)
Press: ? - help, Shift-Dir - straight line The zap misses EnegeticOcto's ghost.
The zap hits EnegeticOcto's ghost.
EnegeticOcto's ghost is severely damaged.
EnegeticOcto's ghost hits you!
* * * LOW HITPOINT WARNING * * *
You take 8 damage, and have 21/51 hp.
You now have 8/15 mp.
Unknown command.
Casting: Shock (safe; 1% risk of failure)
Confirm with . or Enter, or press ? or * to list all spells.
Aiming: Shock (safe; 1% risk of failure)
Press: ? - help, Shift-Dir - straight line The zap hits EnegeticOcto's ghost.
EnegeticOcto's ghost is severely damaged.
The zap hits EnegeticOcto's ghost.
EnegeticOcto's ghost is almost destroyed.
EnegeticOcto's ghost hits you!!
* * * LOW HITPOINT WARNING * * *
You take 18 damage, and have 3/51 hp.
MASSIVE DAMAGE!!
You now have 7/15 mp.
Casting: Shock (safe; 1% risk of failure)
Confirm with . or Enter, or press ? or * to list all spells.
Aiming: Shock (safe; 1% risk of failure)
Press: ? - help, Shift-Dir - straight line The zap hits EnegeticOcto's ghost.
EnegeticOcto's ghost is almost destroyed.
The zap hits EnegeticOcto's ghost.
EnegeticOcto's ghost is almost destroyed.
EnegeticOcto's ghost hits you.
You die...

######.####.#####.#####......
#....)...............##.#####
#.####+####.#####.......# #
#.# #≈≈≈#.....###.##.##.# #
#<# #≈≈≈###.#..)........# #
#.# #≈≈≈# #..>###.##.##.# #
##.###≈≈≈# ##.## #.##.##.## #
#...##≈)≈####W# #........# #
#...##≈≈≈#)..@# ###...##.####
#...##≈≈≈#....# #...........
##.###≈≈≈#....# #...........
#.###≈≈≈#....#####...........
#..###'##....##.......##.####
##.##...#######.##.#####.# #
#.##..### #.##.#####.# #
#.....†.# #W##......<# #
#.#####.# #.########## #


You could see EnegeticOcto's ghost.

Vanquished Creatures
  Pikel (D:5)
  Grinder (D:5)
  Edmund (D:5)
  Duvessa (D:5)
  A slave (D:5)
  An ice beast (D:3)
  A centaur (D:5)
  A water moccasin zombie (D:5)
  Dowan (D:5)
  A crimson imp (D:5)
  A bullfrog zombie (D:5)
  3 jellies
  Crazy Yiuf (D:2)
  5 orc priests
  A bullfrog skeleton (D:5)
  2 worker ants (D:5)
  3 orc wizards
  A howler monkey zombie (D:5)
  Robin (D:2)
  6 adders
  2 gnolls (D:2)
  A river rat (D:4)
  An ooze (D:2)
  2 adder skeletons (D:4)
  3 worms (D:4)
  3 dart slugs
  4 leopard geckos
  17 orcs
  3 giant cockroaches
  15 goblins
  11 hobgoblins
  4 jackals
  10 kobolds
  2 quokkas
  4 ball pythons
  3 bats
  6 frilled lizards
  5 rats
130 creatures vanquished.

Vanquished Creatures (others)
  A sky beast (D:5)
  A slave (D:5)
  A worker ant (D:5)
  4 gnolls
  A worm (D:5)
8 creatures vanquished.

Grand Total: 138 creatures vanquished

Notes
Turn   | Place    | Note
-------+----------+-------------------------------------------
     0 | D:1      | Monsterracer the Octopode Wizard began the quest for the Orb.
     0 | D:1      | Reached XP level 1. HP: 11/11 MP: 4/4
   175 | D:1      | HP: 4/11 [kobold/club (3)]
   181 | D:1      | HP: 1/11 [rat (2)]
   201 | D:1      | Reached skill level 2 in Conjurations
   201 | D:1      | Reached XP level 2. HP: 3/17 MP: 0/6
   574 | D:1      | Learned a level 2 spell: Blink
  1041 | D:2      | Reached skill level 3 in Conjurations
  1041 | D:2      | Reached XP level 3. HP: 21/21 MP: 1/7
  1048 | D:2      | Learned a level 3 spell: Conjure Flame
  1152 | D:2      | HP: 8/21 [adder (4)]
  1159 | D:2      | HP: 6/21 [poisoned by an adder]
  1495 | D:2      | Noticed Robin
  1685 | D:2      | Reached XP level 4. HP: 27/27 MP: 6/8
  2300 | D:2      | Reached skill level 4 in Conjurations
  2331 | D:2      | Found a shadowy altar of Dithmenos.
  2378 | D:2      | HP: 12/27 [Robin/falchion (6)]
  2396 | D:2      | HP: 8/27 [goblin[Robin] (5)]
  2428 | D:2      | HP: 10/27 [goblin[Robin] (1)]
  2442 | D:2      | Killed Robin
  2451 | D:2      | HP: 7/27 [hobgoblin/club[Robin] (5)]
  2689 | D:2      | Found a runed door.
  2915 | D:2      | Reached XP level 5. HP: 31/31 MP: 3/9
  3021 | D:2      | Found a blossoming altar of Fedhas.
  3203 | D:2      | Learned a level 3 spell: Mephitic Cloud
  3275 | D:2      | Noticed Crazy Yiuf
  3290 | D:2      | Killed Crazy Yiuf
  3290 | D:2      | Reached skill level 5 in Conjurations
  3605 | D:3      | Found a radiant altar of Vehumet.
  3641 | D:3      | Became a worshipper of Vehumet
  3974 | D:3      | Noticed an ice beast
  3999 | D:3      | Killed an ice beast
  3999 | D:3      | Reached skill level 1 in Fire Magic
  3999 | D:3      | Reached XP level 6. HP: 36/36 MP: 0/10
  4675 | D:4      | Found a bloodstained altar of Trog.
  4913 | D:4      | Found a runed door.
  4932 | D:4      | Noticed EnegeticOcto's ghost (novice HOFi)
  5026 | D:4      | Found a runed door.
  5098 | D:4      | Found a staircase to the Ecumenical Temple.
  5153 | D:4      | Learned a level 1 spell: Apportation
  5178 | D:4      | Reached skill level 6 in Conjurations
  5289 | D:4      | Found an ancient bone altar of Kikubaaqudgha.
  5550 | Temple   | Entered the Ecumenical Temple
  5581 | D:5      | Entered Level 5 of the Dungeon
  5663 | D:4      | HP: 16/36 [river rat (3)]
  5694 | D:4      | Reached * piety under Vehumet
  5694 | D:4      | Offered knowledge of Shock by Vehumet.
  5697 | D:4      | Learned a level 1 spell: Shock
  5794 | D:4      | HP: 17/36 [EnegeticOcto's ghost (15)]
  5989 | D:5      | Reached XP level 7. HP: 38/41 MP: 6/12
  6116 | D:5      | Noticed Edmund
  6136 | D:5      | Noticed Pikel
  6214 | D:5      | Killed Edmund
  6263 | D:5      | HP: 16/41 [Pikel/whip of flaming (10)]
  6269 | D:5      | HP: 5/41 [Pikel/whip of flaming (7)]
  6278 | D:5      | HP: 19/41 [Pikel/whip of flaming (2)]
  6281 | D:5      | Killed Pikel
  6281 | D:5      | Reached skill level 5 in Shields
  6281 | D:5      | Reached XP level 8. HP: 22/46 MP: 1/13
  6307 | D:5      | HP: 20/46 [gnoll/spear (6)]
  6321 | D:5      | HP: 8/46 [gnoll/spear (9)]
  6349 | D:6      | HP: 6/46 [orc/mace (6)]
  6784 | D:5      | Found an ornate altar of the Wu Jian Council.
  6818 | D:6      | Found a stormy altar of Qazlal.
  6847 | D:6      | Found an opulent altar of Gozag.
  6916 | D:6      | Found Biodid's Weapon Shop.
  6967 | D:5      | Noticed Grinder
  6978 | D:6      | HP: 22/46 [something (3)]
  7409 | D:5      | Noticed Duvessa
  7412 | D:5      | Noticed Dowan
  7428 | D:5      | HP: 22/46 [worker ant (8)]
  7433 | D:5      | HP: 20/46 [poisoned by a worker ant]
  7437 | D:5      | Killed Dowan
  7438 | D:5      | HP: 19/46 [poisoned by a worker ant]
  7446 | D:5      | HP: 15/46 [poisoned by a worker ant]
  7669 | D:5      | HP: 23/46 [Duvessa/short sword (10)]
  7685 | D:5      | Killed Duvessa
  7685 | D:5      | Reached skill level 1 in Maces & Flails
  7727 | D:5      | HP: 19/46 [acid (8)]
  7731 | D:5      | Reached skill level 1 in Air Magic
  7855 | D:5      | Paralysed by Grinder for 2 turns
  7874 | D:5      | HP: 19/46 [Grinder (12)]
  7887 | D:5      | Paralysed by Grinder for 6 turns
  7896 | D:5      | Paralysed by Grinder for 3 turns
  7901 | D:5      | Paralysed by Grinder for 5 turns
  7917 | D:5      | Killed Grinder
  7917 | D:5      | Reached skill level 7 in Conjurations
  7917 | D:5      | Reached XP level 9. HP: 28/51 MP: 13/15
  8489 | D:4      | HP: 21/51 [EnegeticOcto's ghost (8)]
  8490 | D:4      | HP: 3/51 [EnegeticOcto's ghost (19)]
  8491 | D:4      | Slain by EnegeticOcto's ghost

Skill      XL: |  1  2  3  4  5  6  7  8  9 |
---------------+----------------------------+-----
Conjurations   | 2 3 4 5 6 7 |  7.2
Fire Magic     | 1 2 |  2.3
Shields        | 5 |  5.8
Translocations | 3 |  3.0
Maces & Flails | 1 2 |  2.0
Spellcasting   | 4 |  4.3
Air Magic      | 1 |  1.9
Dodging        | 3 |  3.1
Stealth        | |  2.6
Summonings     | |  1.0

Action                   |  1- 3 |  4- 6 |  7- 9 || total
-------------------------+-------+-------+-------++-------
Melee: Spear             |    21 |    28 |       ||    49
       Constrict         |     4 |     7 |    12 ||    23
       Tentacles         |     1 |     3 |     7 ||    11
       Falchion          |       |     9 |       ||     9
       Trident           |       |       |    17 ||    17
       Flail             |       |       |    37 ||    37
       Unarmed           |       |       |    11 ||    11
 Cast: Magic Dart        |    56 |   185 |    73 ||   314
       Conjure Flame     |       |     5 |     6 ||    11
       Blink             |       |     1 |       ||     1
       Shock             |       |       |    40 ||    40
       Mephitic Cloud    |       |       |     6 ||     6
  Use: Scroll            |       |    11 |     3 ||    14
       Potion            |       |       |     1 ||     1
 Stab: Confused          |       |       |     4 ||     4
       Distracted        |       |       |     1 ||     1
  Eat: Chunk             |     2 |    13 |     2 ||    17
       Ration            |       |       |     2 ||     2
Armor: Skin              |       |     1 |     4 ||     5
Dodge: Dodged            |    15 |    36 |    31 ||    82
Block: Other             |       |     6 |     6 ||    12
       Reflection        |       |     1 |       ||     1
       Buckler           |       |       |    21 ||    21
       Rpst.: Falchion   |       |     3 |     1 ||     4

Vault maps used:
D:1:      lemuel_arrival_room, minmay_strange_pillars, minmay_misc_feat_doors,
          corner_web_ring
D:2:      grunt_dithmenos_smoke, fedhas_altar_2, minmay_surrounded,
          uniq_crazy_yiuf_cottage, uniq_robin
D:3:      fiery_altar_vehumet, minmay_unequal
D:4:      kiku_gazebo_pond_becter, temple_green, ebering_ghost_sewer_f,
          first_ration, trog_three_pillars_becter
D:5:      nicolae_overflow_hidden_temple, uniq_edmund, uniq_grinder,
          uniq_duvessa, uniq_pikel
D:6:      lemuel_round_altar, serial_shops, shop_fountains,
          grunt_qazlal_sundering
Temple:   jpeg_temple_alley_garden
